 Dungeon Crawl Stone Soup version 0.19.5 (webtiles) character file.

26776 EvilAshe the Severer (level 13, -1/116 HPs)
             Began as a Hill Orc Fighter on Apr 23, 2017.
             Was a Follower of Uskayaw.
             Slain by a worker ant (3 damage)
             ... on level 4 of the Lair of Beasts.
             The game lasted 00:50:30 (15471 turns).

EvilAshe the Severer (Hill Orc Fighter)            Turns: 15471, Time: 00:50:30

Health: -1/116     AC: -5    Str: 24    XL:     13   Next: 28%
Magic:  20/20      EV: 13    Int:  8    God:    Uskayaw [*.....]
Gold:   513        SH:  0    Dex: 14    Spells: 0 memorised, 12 levels left

rFire  + . .     SeeInvis .     a - +0 battleaxe
rCold  . . .     Gourm    .     e - +1 chain mail {rF+}
rNeg   . . .     Faith    .     (shield currently unavailable)
rPois  .         Spirit   .     R - +0 helmet
rElec  .         Reflect  .     (no cloak)
rCorr  .         Harm     .     D - +0 pair of gloves
MR     .....                    r - +1 pair of boots
Stlth  ..........               w - amulet of regeneration
                                C - ring "Fedwucwu" {Str+4 Stlth-}
                                d - ring of flight

@: lethally poisoned (-1 -> -5), corroded
A: no striking features
a: Stomp, Renounce Religion, Evoke Flight


You were on level 4 of the Lair of Beasts.
You worshipped Uskayaw.
Uskayaw was aware of your devotion.
You were not hungry.

You visited 2 branches of the dungeon, and saw 15 of its levels.
You also visited: Ossuary.

You collected 791 gold pieces.
You spent 278 gold pieces at shops.

Inventory:

Hand Weapons
 a - a +0 battleaxe (weapon)
 E - the +10 arbalest "Ryhoe" {flame, +Blink +Inv Int+2 Stlth+, unknown}
   (You found it on level 9 of the Dungeon)

   It causes projectiles fired from it to burn those they strike, causing extra
   injury to most foes and up to half again as much damage against particularly
   susceptible opponents.
   It affects your intelligence (+2).
   It lets you turn invisible.
   It lets you blink.
   It makes you more stealthy.
 K - a +1 falchion of flaming
Missiles
 m - 3 tomahawks of returning (quivered)
 s - 5 silver tomahawks
Armour
 e - a +1 chain mail of fire resistance (worn)
 r - a +1 pair of boots (worn)
 D - a +0 pair of gloves (worn)
 R - a +0 helmet (worn)
Rods
 b - a +0 lightning rod (10/10)
   (You found it on level 9 of the Dungeon)
Jewellery
 d - a ring of flight (left hand)
 w - an amulet of regeneration (around neck)
 C - the ring "Fedwucwu" (right hand) {Str+4 Stlth-}
   (You bought it in a shop on level 5 of the Dungeon)

   [ring of loudness]

   It affects your strength (+4).
   It makes you less stealthy.
 J - an uncursed ring of see invisible {unknown}
 N - an uncursed ring of poison resistance {unknown}
 P - a cursed amulet of inaccuracy {unknown}
Wands
 x - a wand of flame (11/48)
 y - a wand of paralysis (13/24)
 H - a wand of flame (19/48)
 S - a wand of polymorph (13/24)
Scrolls
 i - 6 scrolls of remove curse
 j - 3 scrolls of recharging
 n - 2 scrolls of enchant weapon
 o - 2 scrolls of teleportation
 p - a scroll of immolation
 u - 2 scrolls of enchant armour
 B - a scroll of fear
 F - 3 scrolls of magic mapping
 O - 2 scrolls of blinking {unknown}
 Q - 2 scrolls of holy word {unknown}
 W - 3 scrolls of amnesia {unknown}
Potions
 c - 3 potions of might
 h - 5 potions of curing
 k - 2 potions of cure mutation
 q - 3 potions of heal wounds
 t - a potion of resistance
 z - 3 potions of agility
 A - 2 potions of brilliance
 I - a potion of ambrosia
 L - a potion of haste
 M - a potion of lignification
 U - a potion of flight {unknown}
Books
 v - a book of Flames

   Spells                             Type                      Level
   a - Flame Tongue                   Conjuration/Fire             1
   b - Throw Flame                    Conjuration/Fire             2
   c - Conjure Flame                  Conjuration/Fire             3
   d - Inner Flame                    Hexes/Fire                   3
   e - Sticky Flame                   Conjuration/Fire             4
   f - Fireball                       Conjuration/Fire             5
 G - the Collected Works on Earthen Beguiling
   (You found it on level 9 of the Dungeon)

   Spells                             Type                      Level
   a - Corona                         Hexes                        1
   b - Stone Arrow                    Conjuration/Earth            3
   c - Summon Guardian Golem          Hexes/Summoning              3
   d - Petrify                        Transmutation/Earth          4
   e - Statue Form                    Transmutation/Earth          6
 V - a book of Party Tricks

   Spells                             Type                      Level
   a - Summon Butterflies             Summoning                    1
   b - Apportation                    Translocation                1
   c - Lesser Beckoning               Translocation                3
   d - Tukima's Dance                 Hexes                        3
   e - Alistair's Intoxication        Transmutation/Poison         5
   f - Invisibility                   Hexes                        6
Comestibles
 f - 12 bread rations
 g - 44 fruits
 l - 4 meat rations
 T - a chunk of flesh
 X - a slice of pizza


   Skills:
 + Level 11.5 Fighting
 * Level 16.5 Axes
 + Level 10.7 Armour
 + Level 8.0 Dodging
   Level 3.2 Shields
 + Level 9.3 Invocations


You had 12 spell levels left.
You didn't know any spells.

Dungeon Overview and Level Annotations

Branches:
Dungeon (11/15)            Temple (0/1) D:6            Lair (4/6) D:10
  Swamp (0/4) Lair:2       Spider (0/4) Lair:3
    Orc: D:9-12

Altars:
Ashenzari
Cheibriados
Dithmenos
Elyvilon
Fedhas
Gozag
Hepliaklqana
Kikubaaqudgha
Qazlal
Ru
Sif Muna
Trog
Uskayaw
Xom
Yredelemnul
Zin
The Shining One

Shops:
D:5 *   D:10 ?

Annotations:
D:4 EvilAshe's ghost, amateur NaIE


Message History

The entropic weave corrodes you!
Your lightning rod has recharged.
The entropy weaver mumbles some strange words.
The entropic weave corrodes you!
You feel sick. The worker ant misses you.
You feel sick.
You hit the worker ant but do no damage. x2
The worker ant closely misses you. The worker ant bites you!
* * * LOW HITPOINT WARNING * * *
You are more poisoned.
The worker ant poisons you! The worker ant closely misses you.
You feel sick. The worker ant misses you.
You feel sick. The worker ant bites you!
* * * LOW HITPOINT WARNING * * *
You are lethally poisoned!
The worker ant poisons you!
* * * LOW HITPOINT WARNING * * *
You feel sick. The worker ant bites you.
You die...

#......<....P# #......>......
#............ #........###
###........# #..........## #####
##..........#
..#.#####.........###
.......##...##.<@...# ..#
##+#.###......##aa..# ..# ##.
#.....#.....a##.a...# ..##..
#......#.....#......# #..#.# .
......##..8.......†.# #...# .
##..8...........8...## ###..# .
#......#...........#†###.P..## #.
###.......8.......##†..†.....##.#
..##..............#..............


You could see an entropy weaver and 2 worker ants.

Vanquished Creatures
  3 hydras
  Harold (Lair:3)
  A queen ant (Lair:4)
  A death yak (Lair:2)
  Urug (Lair:3)
  2 unseen horrors (D:11)
  2 hill giants
  An ugly thing (D:11)
  Joseph (D:8)
  The ghost of Alannah the Skirmisher, a novice GrBe of Trog (D:6)
  9 spiny frogs
  5 komodo dragons
  3 trolls
  2 jumping spiders (Lair:3)
  4 blink frogs (Lair:1)
  A meliai zombie (D:10)
  Grinder (D:6)
  8 hippogriffs
  Sigmund (D:3)
  2 wyverns
  24 yaks
  Eustachio (D:6)
  A hungry ghost (D:11)
  Menkaure (D:4)
  4 soldier ants
  2 porcupines (Lair:2)
  7 water moccasins
  Duvessa (D:5)
  3 orc warriors
  A black bear (D:10)
  3 ogres
  3 phantoms
  4 wolves
  3 eyes of draining
  3 centaurs
  2 crocodiles
  4 big kobolds
  Blork the orc (D:5)
  A gnoll sergeant (D:8)
  10 bullfrogs
  Dowan (D:5)
  A scorpion (D:5)
  A water moccasin skeleton (D:5)
  The ghost of vierth the Shooter, a weakling CeHu of the Shining One (D:3)
  19 killer bees
  3 wights (D:10)
  6 howler monkeys
  A quasit (D:11)
  7 crimson imps
  2 bullfrog zombies
  6 hounds
  2 bullfrog skeletons
  3 orc priests
  2 gnoll shamans
  2 jellies (D:8)
  7 orc wizards
  2 iguanas
  18 worker ants
  9 mummies
  A hound zombie (D:6)
  A hound skeleton (D:5)
  A worker ant zombie (D:11)
  Robin (D:3)
  9 gnolls
  11 adders
  3 shadow imps
  3 oozes
  2 adder zombies
  2 adder skeletons
  A worm (D:2)
  2 dart slugs
  7 leopard geckos
  32 orcs
  3 giant cockroaches
  2 gnoll zombies (Ossuary)
  12 goblins
  14 hobgoblins
  9 jackals
  2 quokkas
  16 bats
  6 frilled lizards
  3 hobgoblin zombies (Ossuary)
  20 kobolds
  A kobold zombie (Ossuary)
  2 orc zombies (Ossuary)
  A quokka zombie (D:5)
  17 rats
  3 fungi
  4 plants (D:10)
413 creatures vanquished.

Vanquished Creatures (others)
  2 fungi
  4 plants (D:6)
6 creatures vanquished.

Grand Total: 419 creatures vanquished

Notes
Turn   | Place    | Note
-------+----------+-------------------------------------------
     0 | D:1      | EvilAshe the Hill Orc Fighter began the quest for the Orb.
     0 | D:1      | Reached XP level 1. HP: 19/19 MP: 1/1
    88 | D:1      | Reached skill level 3 in Axes
   119 | D:1      | Reached XP level 2. HP: 22/27 MP: 2/2
   656 | D:2      | Reached XP level 3. HP: 28/33 MP: 3/3
   701 | D:2      | Found a blossoming altar of Fedhas.
   862 | D:2      | Reached skill level 1 in Dodging
  1069 | D:2      | Found a stormy altar of Qazlal.
  1124 | D:2      | Reached skill level 4 in Axes
  1250 | D:2      | Reached XP level 4. HP: 40/40 MP: 4/4
  1430 | D:2      | Found a basalt altar of Yredelemnul.
  1576 | D:2      | Found a bloodstained altar of Trog.
  1958 | D:3      | Found a glowing golden altar of the Shining One.
  2047 | D:3      | Noticed vierth's ghost (weakling CeHu)
  2100 | D:3      | Killed vierth's ghost
  2100 | D:3      | Reached XP level 5. HP: 11/46 MP: 5/5
  2511 | D:3      | Reached skill level 5 in Axes
  2514 | D:3      | Noticed Robin
  2519 | D:3      | Killed Robin
  2544 | D:3      | Noticed Sigmund
  2813 | D:4      | Noticed EvilAshe's ghost (amateur NaIE)
  3250 | D:3      | Found a deep blue altar of Sif Muna.
  3265 | D:3      | Killed Sigmund
  3265 | D:3      | Reached skill level 6 in Axes
  3265 | D:3      | Reached XP level 6. HP: 55/55 MP: 6/6
  3340 | D:4      | Found an opulent altar of Gozag.
  3340 | D:4      | Noticed Menkaure
  3348 | D:4      | Killed Menkaure
  3348 | D:4      | Reached skill level 5 in Fighting
  3348 | D:4      | Reached XP level 7. HP: 34/61 MP: 7/7
  3564 | D:4      | Found a sacrificial altar of Ru.
  3637 | D:4      | Reached skill level 5 in Armour
  3653 | D:4      | Reached skill level 7 in Axes
  4101 | D:5      | Entered Level 5 of the Dungeon
  4255 | D:5      | Noticed Duvessa
  4299 | D:5      | Killed Duvessa
  4299 | D:5      | Reached XP level 8. HP: 64/70 MP: 8/8
  4386 | D:5      | Reached skill level 8 in Axes
  4499 | D:5      | Noticed Dowan
  4716 | D:5      | Reached skill level 9 in Axes
  4926 | D:5      | Found Ibieff's Assorted Antiques.
  4934 | D:5      | Bought a flickering steel ring for 145 gold pieces
  4938 | D:5      | Identified the ring "Fedwucwu" {Str+4 Stlth-} (You bought it in a shop on level 5 of the Dungeon)
  5050 | D:6      | Got an encrusted falchion
  5058 | D:6      | Identified the +10 falchion of Dissolution {slice, MP+9 Str+3} (You found it on level 6 of the Dungeon)
  5196 | D:6      | Reached XP level 9. HP: 78/78 MP: 9/9
  5212 | D:6      | Noticed Blork the orc
  5279 | D:5      | Killed Blork the orc
  5426 | D:6      | Reached skill level 10 in Axes
  5433 | D:6      | Found a hide-covered altar of Uskayaw.
  5437 | D:6      | Became a worshipper of Uskayaw the Reveler
  5464 | D:6      | Reached * piety under Uskayaw
  5484 | D:6      | Found a staircase to the Ecumenical Temple.
  5535 | D:5      | Killed Dowan
  5535 | D:5      | Reached ** piety under Uskayaw
  5536 | D:5      | Found a shadowy altar of Dithmenos.
  5754 | D:6      | Noticed Eustachio
  5771 | D:6      | Killed Eustachio
  5829 | D:6      | Noticed Grinder
  5836 | D:6      | Noticed Alannah's ghost (novice GrBe)
  5885 | D:6      | Killed Grinder
  5913 | D:6      | Killed Alannah's ghost
  5913 | D:6      | Reached skill level 11 in Axes
  5913 | D:6      | Reached skill level 5 in Dodging
  5913 | D:6      | Reached *** piety under Uskayaw
  6100 | D:7      | Found a shattered altar of Ashenzari.
  6115 | D:7      | Reached **** piety under Uskayaw
  6131 | D:7      | Reached ***** piety under Uskayaw
  6133 | D:7      | Reached XP level 10. HP: 45/88 MP: 7/10
  6162 | D:7      | Found a shimmering altar of Xom.
  6179 | D:7      | Found a sand-covered staircase.
  6220 | Ossuary  | Entered an ossuary
  6462 | D:7      | Found a hazy altar of Hepliaklqana.
  6926 | D:7      | Found a white marble altar of Elyvilon.
  7304 | D:8      | Reached skill level 1 in Invocations
  7341 | D:8      | Found an ancient bone altar of Kikubaaqudgha.
  7352 | D:8      | Noticed Joseph
  7366 | D:8      | Killed Joseph
  7366 | D:8      | Reached skill level 12 in Axes
  8305 | D:9      | Got a scorched arbalest
  8384 | D:9      | Identified the Collected Works on Earthen Beguiling
  8926 | D:9      | Found a glowing silver altar of Zin.
  8926 | D:9      | Found an opulent altar of Gozag.
  8957 | D:10     | Entered Level 10 of the Dungeon
  9001 | D:9      | Reached skill level 13 in Axes
  9001 | D:9      | Reached XP level 11. HP: 22/97 MP: 4/14
  9283 | D:10     | Found Rogioguj's Magic Scroll Emporium.
  9291 | D:10     | Bought a scroll of teleportation for 42 gold pieces
  9291 | D:10     | Bought a scroll of teleportation for 42 gold pieces
  9291 | D:10     | Bought a scroll of magic mapping for 49 gold pieces
  9679 | D:10     | Reached skill level 5 in Invocations
  9685 | D:10     | Reached ****** piety under Uskayaw
  9902 | D:10     | Found a staircase to the Lair.
 10110 | D:11     | Found a snail-covered altar of Cheibriados.
 10226 | D:11     | Noticed a red ugly thing
 10235 | D:11     | Killed a red ugly thing
 10235 | D:11     | Reached skill level 14 in Axes
 10310 | D:11     | Noticed a hill giant
 10323 | D:11     | Killed a hill giant
 10364 | D:11     | Killed an unseen horror
 10364 | D:11     | Reached skill level 10 in Fighting
 10741 | D:11     | Killed an unseen horror
 10765 | D:11     | Noticed a skeletal warrior
 10765 | D:11     | Noticed a skeletal warrior
 10778 | D:11     | Noticed a hill giant
 10807 | D:10     | Killed a hill giant
 10907 | D:10     | Reached XP level 12. HP: 79/106 MP: 12/16
 10983 | Lair:1   | Entered Level 1 of the Lair of Beasts
 10989 | Lair:1   | Noticed a five-headed hydra
 11088 | Lair:1   | Killed a one-headed hydra
 11589 | Lair:1   | Reached skill level 15 in Axes
 12336 | Lair:2   | Reached skill level 10 in Armour
 12394 | Lair:2   | Found a staircase to the Swamp.
 12771 | Lair:2   | Noticed a five-headed hydra
 12792 | Lair:2   | Killed a three-headed hydra
 13206 | Lair:3   | Noticed a death yak
 13207 | Lair:3   | Noticed a death yak
 13242 | Lair:2   | Killed a death yak
 13504 | Lair:3   | Noticed a death yak
 13856 | Lair:3   | Noticed Urug
 13869 | Lair:3   | Killed Urug
 14075 | Lair:3   | Noticed Harold
 14130 | Lair:3   | Killed Harold
 14130 | Lair:3   | Reached skill level 16 in Axes
 14130 | Lair:3   | Reached XP level 13. HP: 70/116 MP: 19/19
 14475 | Lair:3   | Found a hole to the Spider Nest.
 15330 | Lair:4   | Noticed an entropy weaver
 15470 | Lair:4   | HP: 2/116 [worker ant (8)]
 15471 | Lair:4   | Slain by a worker ant

Skill      XL: |  1  2  3  4  5  6  7  8  9 10 11 12 13 |
---------------+----------------------------------------+-----
Axes           | 3 4 6 7 9 11 13 14 16 | 16.5
Dodging        | 1 2 3 4 5 6 7 8 |  8.0
Fighting       | 4 5 6 8 9 10 11 | 11.5
Armour         | 4 5 6 7 8 9 10 | 10.7
Invocations    | 4 6 8 9 |  9.3
Shields        | |  3.2

Action                   |  1- 3 |  4- 6 |  7- 9 | 10-12 | 13-15 || total
-------------------------+-------+-------+-------+-------+-------++-------
Melee: War axe           |   140 |   170 |   233 |       |       ||   543
       Battleaxe         |       |       |   155 |   753 |   105 ||  1013
       Falchion          |       |       |       |    14 |     5 ||    19
Throw: Tomahawk          |     5 |       |       |       |       ||     5
Invok: Stomp             |       |       |     2 |    21 |     4 ||    27
Evoke: Wand              |       |       |       |     5 |       ||     5
       Rod               |       |       |       |    10 |     3 ||    13
  Use: Potion            |       |     2 |     3 |     5 |       ||    10
       Scroll            |       |     7 |    10 |     9 |       ||    26
 Stab: Invisible         |       |     2 |       |       |       ||     2
       Paralysed         |       |       |     1 |    31 |     6 ||    38
  Eat: Chunk             |     1 |     7 |    10 |    30 |     4 ||    52
       Royal jelly       |       |       |       |     1 |       ||     1
       Beef jerky        |       |       |       |     3 |     1 ||     4
       Pizza             |       |       |       |     1 |       ||     1
Armor: Scale mail        |    78 |    44 |       |       |       ||   122
       Plate armour      |       |    25 |   222 |   250 |       ||   497
       Chain mail        |       |       |       |   289 |    80 ||   369
Dodge: Dodged            |    87 |    89 |   165 |   489 |    94 ||   924
       Rpst.: Falchion   |       |       |       |     2 |     2 ||     4
